 Dungeon Crawl Stone Soup version 0.22.0-25-g7663229 (webtiles) character file.

251 corax the Charlatan (level 5, -1/39 HPs)
             Began as a Mummy Artificer on Aug 20, 2018.
             Slain by a river rat (6 damage)
             ... in a sewer.
             The game lasted 00:09:29 (4956 turns).

corax the Charlatan (Mummy Artificer)               Turns: 4956, Time: 00:09:30

Health: -1/39      AC:  4    Str: 16    XL:     5   Next: 88%
Magic:  7/7        EV:  9    Int: 10    God:
Gold:   81         SH:  0    Dex: 13    Spells: 4/4 levels left

rFire    x x .     SeeInvis .   p - +0 rapier
rCold    + + .     Gourm    +   (no shield)
rNeg     + + +     Faith    .   b - +0 leather armour
rPois    ∞         Spirit   .   (no helmet)
rElec    .         Reflect  .   (no cloak)
rCorr    .         Harm     .   f - +0 pair of gloves
MR       .....                  (no boots)
Stlth    +.........             n - amulet of the gourmand
HPRegen  0.13/turn              l - ring of ice
MPRegen  0.10/turn              (no ring)

@: constricted, very slow
A: no food or potions, fire vulnerability, cold resistance 1, negative energy
resistance 3, torment resistance, unbreathing
a: no special abilities


You were in a sewer.
You were not hungry.

You visited 1 branch of the dungeon, and saw 3 of its levels.
You also visited: Sewer.

You collected 81 gold pieces.

Inventory:

Hand Weapons
 a - a +0 short sword
 p - a +0 rapier (weapon)
Armour
 b - a +0 leather armour (worn)
 f - a +0 pair of gloves (worn)
Jewellery
 l - a ring of ice (left hand)
 n - an amulet of the gourmand (around neck)
Wands
 c - a wand of flame (15)
 d - a wand of enslavement (15)
 e - a wand of random effects (14)
 i - a wand of polymorph (13)
Scrolls
 g - a scroll of identify {unknown}
 h - 2 scrolls of remove curse {unknown}
 j - a scroll of enchant weapon {unknown}
 k - 2 scrolls of random uselessness {unknown}
 m - a scroll of teleportation {unknown}
 o - a scroll of magic mapping {unknown}
 q - a scroll of silence {unknown}


   Skills:
 + Level 2.6 Fighting
 + Level 2.1 Short Blades
 + Level 2.7 Dodging
 + Level 2.2 Stealth
 + Level 3.2 Evocations


You had 4 spell levels left.
You didn't know any spells.
Your spell library was empty.

Dungeon Overview and Level Annotations

Branches:
Dungeon (3/15)

Altars:
Makhleb
Nemelex Xobeh
Okawaru
The Shining One


Innate Abilities, Weirdness & Mutations

You do not eat or drink.
Your flesh is vulnerable to fire.
You are immune to poison.
Your flesh is cold resistant. (rC+)
You are immune to negative energy. (rN+++)
You are immune to unholy pain and torment.
You can survive without breathing.


Message History

The ball python completely misses you. The ball python constricts you.
You escape the ball python's grasp.
The adder bites you but does no damage.
The river rat bites you but does no damage.
You see here a river rat corpse.
The adder bites you but does no damage.
You see here a rat corpse.
The river rat twitches its whiskers.
The adder bites you but does no damage.
You enter the shallow water.
Moving in this stuff is going to be slow.
The adder closely misses you. The adder bites you.
* * * LOW HITPOINT WARNING * * *
The ball python barely misses you. The ball python grabs you.
The ball python constricts you.
The ball python's grasp on you weakens, but your attempt to escape fails.
The adder completely misses you. The ball python bites you.
* * * LOW HITPOINT WARNING * * *
The ball python constricts you. The river rat bites you.
You die...

##rr #≈≈≈≈≈.≈.....#
#... ##..≈≈≈......##
#...##..≈≈≈.≈.....####
#......≈≈≈≈.....###∩#
#......≈≈......###†#
#......≈≈.......#..#
#......≈≈≈........##
##......S≈≈.......##
#.†.....S@.......##
##..†...≈r≈≈.≈....##
#..†#...≈≈≈≈≈......#
#..###..≈≈≈≈≈≈.....##
#..# #.≈≈≈≈≈≈≈...#..#
#..#....≈≈≈≈≈...###.#
#.......≈≈≈≈≈≈..###∩#
##.....≈≈≈≈≈≈≈...####
##....#≈≈≈≈≈...†##


You could see an adder, a river rat and a ball python.

Vanquished Creatures
  Jessica (D:2)
  7 river rats (Sewer)
  6 adders
  3 oozes
  4 dart slugs
  4 leopard geckos
  An orc (D:3)
  3 ball pythons
  7 bats
  3 giant cockroaches
  3 goblins
  5 hobgoblins
  6 jackals
  6 frilled lizards
  13 kobolds
  22 rats
94 creatures vanquished.

Notes
Turn   | Place    | Note
-------+----------+-------------------------------------------
     0 | D:1      | corax the Mummy Artificer began the quest for the Orb.
     0 | D:1      | Reached XP level 1. HP: 15/15 MP: 2/2
   190 | D:1      | Reached skill level 1 in Short Blades
   190 | D:1      | Reached skill level 1 in Stealth
   207 | D:1      | Reached XP level 2. HP: 7/21 MP: 3/3
  1293 | D:1      | Reached XP level 3. HP: 14/26 MP: 4/4
  2065 | D:2      | Noticed Jessica
  2067 | D:2      | Killed Jessica
  2075 | D:2      | Reached XP level 4. HP: 33/33 MP: 6/6
  2230 | D:2      | Found an iron altar of Okawaru.
  2340 | D:2      | Found a sparkling altar of Nemelex Xobeh.
  2773 | D:2      | Found a burning altar of Makhleb.
  2777 | D:2      | Found a glowing golden altar of the Shining One.
  3088 | D:3      | Noticed a phantom
  3367 | D:3      | Reached skill level 3 in Evocations
  3524 | D:3      | Reached XP level 5. HP: 19/38 MP: 7/7
  3529 | D:3      | Found a glowing drain.
  3538 | Sewer    | Entered a sewer
  4956 | Sewer    | Slain by a river rat

Skill      XL: |  1  2  3  4  5 |
---------------+----------------+-----
Short Blades   | 1 2 |  2.1
Stealth        | 1 2 |  2.2
Dodging        | 2 |  2.7
Fighting       | 2 |  2.6
Evocations     | 3 |  3.2

Action                   |  1- 3 |  4- 6 || total
-------------------------+-------+-------++-------
Melee: Short sword       |   133 |   116 ||   249
       Rapier            |       |   142 ||   142
Evoke: Wand              |     1 |       ||     1
 Stab: Sleeping          |     1 |     5 ||     6
Armor: Leather armour    |    41 |    54 ||    95
Dodge: Dodged            |   100 |   200 ||   300
